 Dungeon Crawl Stone Soup version 0.30-a0-222-ge547ba4400 (webtiles) character file.

Game seed: 8974110216319056737

212 timneilson the Covered (level 5, -15/33 HPs)
             Began as a Gargoyle Fighter on Oct 8, 2022.
             Demolished by an ogre
             ... wielding a +0 giant spiked club
              (27 damage)
             ... on level 4 of the Dungeon.
             The game lasted 00:06:10 (2636 turns).

timneilson the Covered (Gargoyle Fighter)           Turns: 2636, Time: 00:06:10

Health: -15/33     AC: 11    Str: 21    XL:     5   Next: 90%
Magic:  5/5        EV:  9    Int:  9    God:
Gold:   237        SH:  5    Dex:  9    Spells: 4/4 levels left

rFire   . . .      SeeInvis .    a - +0 long sword
rCold   . . .      Faith    .    c - +1 buckler
rNeg    + . .      Spirit   .    b - +0 scale mail
rPois   ∞          Reflect  .    (no helmet)
rElec   +          Harm     .    (no cloak)
rCorr   .          Rampage  .    (no gloves)
Will    .....                    (no boots)
Stlth   ..........               (no amulet)
HPRegen 0.25/turn                (no ring)
MPRegen 0.09/turn                (no ring)

@: mighty
A: sickness immunity, AC +4, negative energy resistance 1, electricity
resistance, torment resistance 1, petrification resistance
a: no special abilities


You were on level 4 of the Dungeon.
You visited 1 branch of the dungeon, and saw 4 of its levels.
You also visited: Sewer.

You collected 237 gold pieces.

Inventory:

Hand Weapons
 a - a +0 long sword (weapon)
Armour
 b - a +0 scale mail (worn)
 c - a +1 buckler (worn)
Jewellery
 h - a +4 ring of evasion
 p - a ring of willpower
Wands
 e - a wand of mindburst (3)
Scrolls
 g - 5 scrolls of identify
 m - a scroll of poison
 n - 2 scrolls of teleportation
 o - a scroll of blinking
 q - a scroll of magic mapping {unknown}
Potions
 d - 2 potions of might
 f - 3 potions of heal wounds
 i - a potion of attraction
 j - 4 potions of curing
 k - a potion of cancellation
 l - a potion of resistance


   Skills:
 + Level 4.3 Fighting
 + Level 2.9 Long Blades
 + Level 4.3 Armour
 + Level 4.3 Shields
 + Level 1.6 Evocations


You had 4 spell levels left.
You didn't know any spells.
Your spell library contained the following spells:

 Spells                   Type           Power      Damage    Failure   Level
 Sandblast                Erth           0%         2d4       80%         1
 Passwall                 Tmut/Erth      0%         N/A       91%         2
 Stone Arrow              Conj/Erth      0%         3d7       99%         3


Dungeon Overview and Level Annotations

Branches:
Dungeon (4/15)              Sewer (visited)
 Temple: D:4-7

Altars:
Gozag

Annotations:
D:3 3 runed translucent doors, hgbash's ghost, amateur DECj


Innate Abilities, Weirdness & Mutations

You are immune to sickness and miasma.
Your stone body is resilient. (AC +4)
You are immune to poison.
You resist negative energy. (rN+)
You are resistant to electric shocks. (rElec)
You are resistant to unholy torment.
You are immune to petrification.


Message History

The sling bullet hits you but does no damage.
The goblin unwields a +0 sling.
The goblin wields a +0 hand axe.
The goblin closely misses you.
Things that are here:
a +0 short sword; 2 stones You miss the goblin.
The goblin barely misses you.
You closely miss the goblin. The goblin barely misses you.
You block the ogre's attack.
You hit the ogre.
The ogre is lightly wounded.
You block the goblin's attack.
You barely miss the ogre.
The ogre is lightly wounded.
The goblin hits you but does no damage.
The ogre hits you with a +0 giant spiked club!
The goblin barely misses you.
You slash the ogre!
The ogre is moderately wounded.
The ogre hits you with a +0 giant spiked club.
The goblin hits you but does no damage.
A ball python comes into view.
You are too injured to fight recklessly!
You are too injured to fight recklessly!
You are too injured to fight recklessly!
You are too injured to fight recklessly!
You are too injured to fight recklessly!
You are too injured to fight recklessly!
You are too injured to fight recklessly!
You are too injured to fight recklessly!
You are too injured to fight recklessly!
You are too injured to fight recklessly!
You are too injured to fight recklessly!
You are too injured to fight recklessly!
Unknown command.
You feel very mighty all of a sudden.
The ball python hisses angrily.
The goblin hits you with a +0 hand axe.
The ogre hits you with a +0 giant spiked club!!
Ouch! That really hurt!
You die...

#.....#.....##.#......#
#.....##....#####.##..##
#..##.# .....#....###.'.
##. #.. ...........#..#
## .#. ..##..###.....# .
.. .....<.......#
...####......##
.......O.........
.......@.#........
......g.##........
.......####......#
......# .....## ......
....#. ...... ###..
##.... ###.


You could see an ogre and a goblin.

Vanquished Creatures
  Pargi (Sewer)
  A howler monkey (D:4)
  An adder (D:2)
  3 worms (D:2)
  7 ball pythons
  3 bats
  8 endoplasms
  7 giant cockroaches
  3 goblins (D:2)
  7 hobgoblins
  A quokka (D:1)
  4 frilled lizards
  5 kobolds
  13 rats
64 creatures vanquished.

Notes
Turn   | Place    | Note
-------+----------+-------------------------------------------
     0 | D:1      | timneilson the Gargoyle Fighter began the quest for the
                  | Orb.
     0 | D:1      | Reached XP level 1. HP: 14/14 MP: 1/1
   254 | D:1      | Reached XP level 2. HP: 14/19 MP: 2/2
   390 | D:1      | Found a faded altar of an unknown god.
   756 | D:1      | Reached XP level 3. HP: 23/23 MP: 3/3
   812 | D:2      | You fall into a shaft and drop 1 floor!
   980 | D:3      | Found a runed translucent gate.
   980 | D:3      | Found a runed translucent gate.
   980 | D:3      | Found a runed translucent gate.
  1108 | D:3      | Identified the +1 helmet "Lutesh" {Str-4 Int+8}
  1184 | D:3      | Found a glowing drain.
  1208 | Sewer    | Entered a sewer
  1283 | Sewer    | Noticed Pargi
  1306 | Sewer    | Killed Pargi
  1307 | Sewer    | Reached skill level 1 in Evocations
  1307 | Sewer    | Reached XP level 4. HP: 11/29 MP: 4/4
  1307 | Sewer    | Reached XP level 5. HP: 13/33 MP: 5/5
  1508 | D:3      | Noticed hgbash's ghost (amateur DECj)
  1600 | D:3      | Found an opulent altar of Gozag.
  1954 | D:3      | Identified the +9 dagger "Embalmer" {vorpal, rF+}
  1954 | D:3      | Identified the +0 leather armour "Hesax" {rN+ Str+4}
  2627 | D:4      | Noticed an ogre
  2636 | D:4      | Demolished by an ogre

Illustrated notes

Levels and vault maps discovered:
D:1:      saegor_arrival_miasma, layout_basic,
          hellmonk_ecumenical_altar_run_dry, minmay_tetromino_o2
D:2:      layout_rooms
D:3:      layout_basic, grunt_gozag_breadcrumbs, portal_sewer_entry_e,
          biasface_ghost_orc_armoury
D:4:      layout_cave_pools, mainiacjoe_overflow_swirl, lemuel_doored_altar,
          minmay_pentangle

Skill      XL: |  1  2  3 |
---------------+----------+-----
Long Blades    | 2 |  2.9
Fighting       | 4 |  4.3
Armour         | 4 |  4.3
Shields        | 4 |  4.3
Evocations     | 1 |  1.6

Action                   |  1- 3 |  4- 6 || total
-------------------------+-------+-------++-------
Melee: Long sword        |   127 |    85 ||   212
  Use: Scroll            |     4 |     7 ||    11
       Potion            |     2 |     1 ||     3
Armor: Scale mail        |    93 |    48 ||   141
       Skin              |    31 |       ||    31
Dodge: Dodged            |    84 |    32 ||   116
Block: Buckler           |    26 |    34 ||    60

Table legend: (Time is in decaauts)
 A = Elapsed time spent in this place.
 B = Non-inter-level travel time spent in this place.
 C = Inter-level travel time spent in this place.
 D = Time resting spent in this place.
 E = Time spent auto-exploring this place.
 F = Levels seen in this place.
 G = Mean time per level.
                   A        B        C        D        E       F      G
               +--------+--------+--------+--------+--------+-----+--------+
         Total |   2726 |   2648 |     78 |    132 |   1645 |   5 |  545.2 |
       Dungeon |   2458 |   2380 |     78 |     29 |   1570 |   4 |  614.5 |
         Sewer |    268 |    268 |      0 |    103 |     74 |   1 |  268.0 |
               +--------+--------+--------+--------+--------+-----+--------+

Top non-repeatable levels by time:
     D:3: 969 daAuts
     D:1: 827 daAuts
     D:2: 597 daAuts
   Sewer: 268 daAuts
     D:4: 64 daAuts
